Map: [G8] NeoHumanity

Players

Creator

  • Race: Protoss Protoss
  • Spawn Location: 5:00

Spirit - Winner!

  • Race: Terran Terran
  • Spawn Location: 11:00

Event: Gamers8 2023

VOD

Have the link to the VOD?

Description

Time

  • Played on: Aug. 4, 2023, 12:53 p.m.
  • Length: 20:44

All games in this series

Show
View Real Time Build Order
Export as new Build Order

Creator Protoss 

Build Orders: 1 Gate Expand, Blink Stalkers 

Get SALT Encoding   

  12  0:00  Probe  
  13  0:12  Probe  
  14  0:16  Pylon  
  14  0:24  Probe (Chrono Boost)  
  15  0:37  Probe (Chrono Boost)  
  15  0:38  Gateway  
  16  0:44  Probe (Chrono Boost)  
  16  0:47  Assimilator  
  17  0:51  Probe  
  18  1:03  Probe  
  19  1:15  Probe  
  20  1:25  Cybernetics Core  
  20  1:32  Nexus  
  20  1:39  Pylon  
  20  1:42  Probe  
  21  1:50  Assimilator  
  21  1:54  Probe  
  21  1:58  Adept (Chrono Boost)  
  24  2:03  Warp Gate  
  24  2:06  Probe  
  25  2:18  Probe (Chrono Boost)  
  25  2:21  Adept  
  28  2:29  Twilight Council  
  28  2:30  Probe (Chrono Boost)  
  29  2:40  Probe (Chrono Boost)  
  30  2:44  Probe (Chrono Boost)  
  30  2:51  Probe (Chrono Boost), Stalker  
  34  2:54  Probe (Chrono Boost)  
  34  2:58  Probe (Chrono Boost)  
  36  2:59  Probe (Chrono Boost)  
  36  3:05  Blink (Chrono Boost)  
  37  3:10  Probe (Chrono Boost)  
  37  3:11  Probe (Chrono Boost)  
  39  3:15  Gateway  
  39  3:23  Probe (Chrono Boost)  
  39  3:24  Pylon  
  39  3:26  Probe (Chrono Boost)  
  41  3:29  Probe (Chrono Boost)  
  41  3:31  Gateway  
  41  3:33  Probe  
  43  3:37  Probe  
  43  3:39  Robotics Facility  
  44  3:45  Probe  
  44  3:46  Pylon  
  45  3:49  Probe  
  45  3:52  Stalker  
  48  3:57  Assimilator  
  48  3:58  Assimilator, Probe  
  50  4:02  Probe  
  50  4:10  Stalker, Probe  
  50  4:15  Pylon, Probe  
  54  4:26  Stalker  
  54  4:27  Stalker  
  54  4:31  Observer (Chrono Boost)  
  57  4:40  Probe x2  
  56  4:52  Probe x2  
  58  4:56  Warp Prism (Chrono Boost)  
  60  5:07  Stalker x3  
  66  5:15  Probe  
  66  5:16  Pylon, Probe  
  66  5:18  Shield Battery  
  68  5:27  Templar Archives  
  68  5:28  Pylon  
  68  5:42  Stalker x3  
  74  5:46  Nexus  
  74  5:50  Probe x2  
  74  5:56  Observer  
  76  6:05  Probe  
  76  6:06  Probe  
  74  6:12  High Templar x2  
  74  6:15  Pylon  
  74  6:17  Forge  
  74  6:18  Probe x2  
  80  6:22  Psionic Storm  
  80  6:30  Probe x2 (Chrono Boost)  
  80  6:32  Shield Battery  
  79  6:39  Protoss Ground Weapons Level 1  
  79  6:42  High Templar, Probe x2 (Chrono Boost)  
  79  6:43  Gateway x2  
  83  6:49  Probe x2 (Chrono Boost)  
  85  6:56  Probe  
  85  6:59  Probe x2  
  89  7:08  Probe  
  89  7:10  Immortal (Chrono Boost)  
  89  7:11  Pylon  
  89  7:14  Charge  
  93  7:16  Gateway  
  93  7:17  Gateway  
  93  7:21  Zealot, Sentry  
  93  7:22  Zealot  
  99  7:24  Probe x3  
  99  7:29  Pylon, Assimilator  
  102  7:30  Assimilator  
  102  7:38  Pylon, Gateway  
  102  7:40  Gateway, Probe  
  102  7:41  Probe  
  103  7:47  High Templar x2  
  103  7:48  Zealot, Probe  
  110  8:03  Nexus  
  110  8:05  Shield Battery  
  110  8:07  Immortal (Chrono Boost)  
  112  8:16  Probe x3  
  115  8:22  Zealot x4, High Templar x2  
  115  8:25  Shield Battery  
  115  8:26  Archon  
  127  8:35  Observer  
  127  8:36  Immortal (Chrono Boost)  
  131  8:42  Stalker  
  131  8:43  Pylon  
  131  8:44  Pylon  
  125  8:54  Protoss Ground Weapons Level 2 (Chrono Boost), Zealot x3, High Templar x2  
  132  8:58  Archon  
  128  9:05  Warp Prism (Chrono Boost), Zealot x4  
  138  9:16  Stalker x3  
  144  9:22  Robotics Bay  
  144  9:23  Probe  
  145  9:26  Probe x3  
  145  9:28  Zealot, High Templar x2, Observer  
  144  9:45  Probe x4  
  136  9:48  Robotics Facility  
  136  9:52  Forge  
  136  9:53  Assimilator, Dark Shrine  
  136  9:54  Assimilator  
  136  10:04  Stalker  
  136  10:05  Colossus (Chrono Boost), Extended Thermal Lance  
  136  10:06  Nexus  
  136  10:07  Pylon  
  138  10:13  Probe  
  145  10:15  Shield Battery  
  145  10:19  Protoss Ground Armor Level 1 (Chrono Boost)  
  145  10:23  Zealot  
  145  10:25  Probe x2  
  149  10:30  High Templar  
  149  10:31  Zealot, High Templar  
  155  10:36  Photon Cannon  
  155  10:37  Archon  
  155  10:38  Shield Battery  
  155  10:39  Colossus (Chrono Boost)  
  165  10:50  Colossus (Chrono Boost)  
  165  11:00  Shadow Stride (Chrono Boost)  
  165  11:09  Stalker  
  167  11:13  Protoss Ground Weapons Level 3 (Chrono Boost)  
  167  11:16  Gateway  
  167  11:17  Gateway  
  167  11:21  Colossus  
  173  11:27  Zealot x6, Sentry  
  187  11:38  Gateway  
  187  11:50  Pylon  
  187  11:52  Photon Cannon  
  187  11:53  Immortal, Observer  
  159  12:04  Protoss Ground Armor Level 2 (Chrono Boost)  
  159  12:05  Dark Templar x2  
  159  12:06  Dark Templar x2  
  159  12:08  Stalker x3  
  167  12:11  Archon  
  167  12:12  Archon  
  167  12:13  Zealot x4  
  113  12:39  Stalker  
  113  12:40  Zealot x6, Stalker x4  
  113  12:41  Zealot  
  114  12:46  Colossus (Chrono Boost), Probe  
  114  12:47  Colossus (Chrono Boost), Probe x4  
  123  12:56  Assimilator  
  123  12:59  Assimilator  
  123  13:01  Dark Templar x5  
  123  13:04  Sentry  
  123  13:05  Zealot x6  
  143  13:27  Colossus x2 (Chrono Boost)  
  143  13:29  Stalker x2  
  143  13:39  Dark Templar  
  143  13:40  Zealot x2, Dark Templar  
  143  13:41  Zealot x3  
  150  13:47  Stalker  
  150  13:48  Stalker x2  
  154  13:54  Gravitic Boosters (Chrono Boost)  
  154  13:55  Photon Cannon  
  150  14:03  Probe x4  
  150  14:06  Warp Prism  
  150  14:07  Observer  
  155  14:10  Zealot x5  
  145  14:19  Stalker x2  
  131  14:29  Observer  
  126  14:36  High Templar x4  
  126  14:37  Stalker x3, Sentry  
  140  14:39  Warp Prism (Chrono Boost)  
  140  14:41  Archon x2  
  142  14:47  Disruptor (Chrono Boost), Probe x5  
  150  14:54  Stalker x2  
  150  14:59  Pylon  
  154  15:07  High Templar, Sentry  
  154  15:08  High Templar x3  
  154  15:12  Disruptor (Chrono Boost), Archon  
  154  15:13  Archon  
  164  15:17  Zealot x3, Sentry  
  164  15:18  Zealot  
  176  15:22  Disruptor (Chrono Boost)  
  179  15:30  Stalker x2  
  179  15:32  Stalker  
  184  15:44  Observer (Chrono Boost)  
  180  15:56  Dark Templar x2  
  180  15:57  Zealot x3, Stalker x2  
  194  16:07  Archon  
  194  16:08  Pylon x2  
  194  16:09  Immortal  
  190  16:11  Protoss Ground Armor Level 3 (Chrono Boost)  
  190  16:13  High Templar x2  
  192  16:33  Stalker x3  
  198  16:40  Shield Battery  
  198  16:41  Shield Battery  
  198  16:44  Gateway  
  198  16:51  Nexus  
  198  16:59  Protoss Shields Level 1 (Chrono Boost)  
  198  17:04  Gateway x2  
  198  17:06  Pylon  
  198  17:08  Photon Cannon  
  198  17:10  Gravitic Drive (Chrono Boost)  
  198  17:16  Nexus  
  191  17:32  Stalker x2  
  191  17:36  Stargate  
  186  17:39  Stalker x2  
  165  17:53  Colossus, Disruptor  
  165  17:58  Stalker x3  
  139  18:00  Zealot x2  
  139  18:01  Stalker x5  
  139  18:02  Zealot, Stalker  
  131  18:11  Dark Templar x4  
  139  18:15  Stalker x2  
  133  18:27  Stalker x2  
  141  18:36  Colossus (Chrono Boost)  
  141  18:37  Zealot x2, Sentry  
  145  18:44  Probe  
  145  18:45  Probe x5  
  145  18:47  Probe  
  150  19:04  Colossus (Chrono Boost)  
  156  19:15  Phoenix (Chrono Boost)  
  154  19:21  Zealot x4, Sentry  
  155  19:32  Zealot x3  
  155  19:33  Zealot x4, Assimilator  
  155  20:00  Stalker x4  
Show
View Real Time Build Order
Export as new Build Order

Spirit Terran - Winner!

Build Orders:  

Get SALT Encoding   

  12  0:00  SCV  
  13  0:12  SCV  
  14  0:17  Supply Depot  
  14  0:24  SCV  
  15  0:39  SCV  
  15  0:40  Barracks  
  16  0:44  Refinery  
  16  0:51  SCV  
  17  1:03  SCV  
  18  1:16  SCV  
  19  1:27  Marine  
  19  1:29  Orbital Command  
  20  1:49  Command Center  
  20  1:56  Factory  
  20  1:58  SCV  
  21  2:04  Supply Depot  
  21  2:06  Barracks Reactor  
  21  2:12  SCV  
  21  2:15  Refinery  
  22  2:24  SCV  
  23  2:36  SCV  
  24  2:41  Starport  
  24  2:43  Marine x2  
  26  2:45  Widow Mine  
  26  2:48  SCV  
  29  3:00  SCV  
  29  3:01  Marine  
  29  3:02  Marine  
  29  3:04  Orbital Command  
  32  3:07  Widow Mine  
  34  3:13  SCV  
  34  3:15  Bunker  
  35  3:20  Medivac  
  38  3:28  Widow Mine  
  38  3:32  Armory  
  38  3:34  SCV  
  40  3:35  SCV  
  41  3:41  Supply Depot  
  41  3:44  Marine x2  
  41  3:46  SCV  
  41  3:47  SCV  
  45  3:54  Starport Tech Lab  
  45  3:58  SCV, Factory Tech Lab  
  46  4:03  Marine x2, SCV, Supply Depot  
  49  4:10  SCV  
  49  4:16  Engineering Bay  
  51  4:21  Marine x2  
  51  4:22  SCV  
  58  4:32  SCV  
  58  4:35  SCV  
  60  4:38  Marine  
  60  4:39  Siege Tank, Starport Tech Lab  
  60  4:42  Marine  
  60  4:44  SCV  
  60  4:47  SCV  
  57  4:54  Command Center  
  57  4:56  Marine  
  57  4:57  SCV, Supply Depot  
  57  4:59  Supply Depot  
  57  5:00  Marine  
  57  5:01  Raven  
  57  5:02  SCV  
  59  5:09  SCV  
  61  5:14  Marine, SCV  
  61  5:15  Barracks  
  61  5:18  Barracks  
  61  5:19  Siege Tank  
  61  5:21  SCV  
  66  5:23  Refinery  
  66  5:25  Refinery  
  66  5:26  Terran Infantry Weapons Level 1  
  66  5:27  SCV  
  67  5:29  Marine  
  67  5:33  SCV  
  69  5:38  Supply Depot  
  69  5:39  SCV  
  69  5:40  Marine, Missile Turret  
  71  5:45  SCV  
  72  5:50  Marine  
  72  5:51  Supply Depot  
  72  5:52  Siege Tank, SCV  
  72  5:54  Starport Reactor  
  76  5:58  SCV  
  76  5:59  Marine  
  76  6:04  SCV  
  78  6:07  Marine  
  78  6:10  SCV  
  79  6:16  SCV  
  81  6:20  Barracks Tech Lab  
  81  6:23  SCV  
  81  6:25  Supply Depot  
  81  6:26  Siege Tank  
  81  6:28  SCV  
  85  6:35  SCV  
  85  6:38  Marine x2  
  89  6:43  Marine  
  89  6:45  Stimpack  
  89  6:55  SCV x2  
  89  6:58  Barracks Tech Lab  
  88  7:01  Barracks  
  88  7:02  Siege Tank  
  88  7:03  Barracks  
  88  7:07  SCV  
  88  7:08  Medivac x2  
  96  7:12  Orbital Command  
  96  7:15  SCV  
  96  7:19  SCV  
  96  7:21  Combat Shield  
  97  7:27  SCV  
  98  7:31  Marine x3, SCV  
  101  7:40  Medivac x2  
  101  7:41  Marauder  
  101  7:43  SCV  
  109  7:47  SCV  
  109  7:48  Orbital Command  
  109  7:49  Marine  
  109  7:50  Supply Depot  
  110  7:54  Marine  
  110  7:55  Marauder  
  110  7:56  SCV  
  114  8:00  SCV  
  115  8:08  Terran Infantry Armor Level 1, SCV  
  115  8:12  SCV  
  117  8:13  Barracks Reactor  
  117  8:14  Barracks Tech Lab  
  117  8:17  Marine  
  117  8:18  Marauder  
  114  8:20  SCV  
  114  8:21  Marine  
  114  8:22  Marauder, SCV  
  114  8:25  Concussive Shells  
  114  8:31  Medivac x2  
  114  8:32  Marine  
  114  8:33  SCV  
  120  8:35  Marine  
  120  8:37  SCV  
  120  8:39  Marauder  
  120  8:40  Marine  
  115  8:43  Marauder, SCV  
  118  8:50  Marauder  
  118  8:52  Marine  
  118  8:53  Marine x2  
  123  8:57  SCV x2  
  123  8:59  Marine  
  125  9:06  Ghost Academy  
  125  9:11  Refinery  
  125  9:12  Refinery  
  125  9:14  Factory Reactor  
  125  9:20  Supply Depot  
  125  9:21  Supply Depot  
  125  9:22  Supply Depot  
  125  9:23  Marauder x3, SCV x2  
  133  9:25  Command Center  
  133  9:30  Engineering Bay  
  133  9:34  Medivac, Sensor Tower, SCV  
  133  9:39  SCV x2  
  133  9:44  Marine, Ghost x2  
  132  9:46  Marine x3  
  132  9:48  SCV  
  132  9:51  SCV  
  134  9:53  Ghost, SCV  
  134  9:56  Widow Mine  
  134  9:59  Widow Mine  
  141  10:02  Marine  
  141  10:05  Marine  
  143  10:12  Ghost  
  143  10:13  Supply Depot  
  145  10:14  Terran Infantry Weapons Level 2  
  145  10:17  Supply Depot  
  145  10:18  Marauder, Marine  
  148  10:22  SCV x2  
  148  10:24  Widow Mine  
  148  10:27  Terran Infantry Armor Level 2  
  152  10:28  SCV, Supply Depot  
  152  10:34  SCV x2  
  155  10:36  Supply Depot  
  155  10:40  SCV  
  156  10:43  Marine  
  156  10:44  Marauder  
  156  10:46  SCV  
  156  10:47  SCV  
  156  10:48  Marauder, Marine  
  163  10:50  Marine  
  163  10:51  Marauder, Marine  
  163  10:53  SCV  
  168  10:59  Viking x2, SCV  
  168  11:01  Marine  
  174  11:04  Ghost  
  174  11:06  Planetary Fortress  
  174  11:08  SCV x2  
  174  11:11  SCV  
  175  11:12  Marine  
  175  11:13  Marauder  
  178  11:21  SCV  
  178  11:22  SCV  
  178  11:26  Ghost  
  178  11:27  Marine x2  
  178  11:29  Viking  
  184  11:33  Ghost  
  184  11:35  Viking  
  184  11:36  Missile Turret  
  184  11:37  Refinery  
  184  11:38  Refinery  
  184  11:39  SCV  
  189  11:51  Command Center  
  189  11:58  Ghost  
  189  12:00  Viking  
  185  12:02  Ghost  
  185  12:05  Viking  
  185  12:06  Ghost  
  185  12:07  Marine x3  
  194  12:11  Marine  
  195  12:24  Marine  
  195  12:25  Marine x2  
  195  12:27  Marauder  
  195  12:29  Marine  
  173  12:30  Viking  
  173  12:32  Marauder  
  173  12:35  Marauder, Viking  
  150  12:42  Marine x2  
  150  12:43  Marine  
  146  12:47  Marine, Barracks  
  146  12:48  Widow Mine  
  146  12:49  Marauder, Barracks  
  151  12:51  Barracks  
  151  12:53  Marauder  
  151  12:56  Marine  
  154  13:00  Liberator, Marine x3  
  154  13:04  Marine  
  154  13:05  Liberator, SCV  
  161  13:06  SCV  
  161  13:10  Marauder  
  166  13:14  Marauder x2, Starport  
  166  13:16  SCV  
  166  13:18  Marine x3  
  174  13:22  Marine  
  174  13:29  Planetary Fortress  
  174  13:31  Marauder  
  166  13:36  Marauder x3, Marine x2  
  166  13:40  Marine x2  
  170  13:43  Liberator, SCV x2  
  170  13:48  Liberator  
  173  13:49  SCV  
  173  13:55  SCV  
  180  13:58  SCV  
  180  14:00  Missile Turret, Barracks Tech Lab  
  187  14:09  SCV  
  182  14:11  Missile Turret  
  158  14:26  Medivac, SCV  
  158  14:27  Ghost x5  
  158  14:29  SCV  
  148  14:31  Medivac  
  148  14:37  SCV  
  143  14:38  SCV  
  143  14:39  Starport Reactor  
  143  14:43  SCV, Fusion Core, Barracks Tech Lab  
  145  14:51  SCV  
  146  14:55  Sensor Tower, Ghost x3, Terran Infantry Weapons Level 3  
  146  14:56  Terran Ship Weapons Level 1  
  146  14:57  Marine  
  151  15:02  Viking x2  
  151  15:03  SCV  
  151  15:04  Marine  
  151  15:06  Ghost  
  154  15:08  Marine  
  157  15:15  Marine  
  157  15:16  Marauder, SCV, Unknown  
  157  15:17  SCV  
  157  15:21  Marauder, Marine  
  165  15:23  Marine  
  165  15:24  Ghost  
  165  15:26  Sensor Tower  
  167  15:29  SCV  
  166  15:35  Advanced Ballistics  
  166  15:40  Viking  
  166  15:42  Viking  
  167  15:44  Viking, Command Center  
  175  15:58  Terran Infantry Armor Level 3  
  175  16:00  Liberator  
  175  16:03  Marauder x6, Marine  
  183  16:10  Liberator  
  186  16:13  Marine  
  186  16:15  Liberator  
  190  16:19  Liberator  
  190  16:22  Marine  
  190  16:24  Marauder  
  194  16:33  Missile Turret  
  194  16:34  Sensor Tower  
  194  16:35  SCV  
  195  16:42  Liberator  
  198  16:49  Ghost  
  200  16:54  Terran Ship Weapons Level 2  
  200  16:56  Command Center  
  200  17:04  Planetary Fortress  
  200  17:05  Missile Turret  
  199  17:28  Refinery  
  197  17:39  Liberator  
  181  17:55  Marine  
  181  17:57  Marine  
  181  17:58  Marauder x2, Marine  
  177  17:59  Marauder, Marine  
  177  18:02  Liberator x2  
  177  18:03  Marauder, Marine  
  177  18:04  Liberator  
  177  18:05  Marauder  
  186  18:13  Marine  
  186  18:15  Marine  
  186  18:16  Marine  
  186  18:17  Marine  
  186  18:18  Sensor Tower  
  186  18:19  Marauder  
  192  18:20  Marauder  
  192  18:21  Marauder  
  192  18:22  Liberator  
  197  18:27  Marauder, Marine  
  197  18:37  Marine  
  197  18:38  Marauder  
  197  18:40  Marine  
  196  18:45  Liberator  
  196  18:47  Marine  
  200  18:52  Missile Turret  
  200  18:54  Orbital Command  
  200  18:58  Starport, Sensor Tower  
  200  18:59  Viking  
  200  19:02  Command Center  
  197  19:13  Hi-Sec Auto Tracking  
  197  19:30  Liberator  
  179  20:08  Marauder, Marine  
  179  20:09  Marauder x5  
  179  20:10  Marine  
  179  20:12  Marine  
  197  20:14  Marine  
  199  20:24  Starport Reactor  
Tags
 
Add a new tag
Caveats
  • Supply blocks, unpowered buildings, or Contaminate may cause inaccurate times.
  • Supply counts are checked every 10 seconds.